 Dungeon Crawl Stone Soup version 0.31-a0-986-g5e6e4ef867 (webtiles) character file.

Game seed: 8232318705477850439

2697 Morowski the Destroyer (level 9, -6/47 HPs)
             Began as a Tengu Conjurer on Nov 3, 2023.
             Was a Follower of Vehumet.
             Killed from afar by a steam dragon (23 damage)
             ... with a ball of steam
             ... on level 7 of the Dungeon.
             The game lasted 00:16:17 (8748 turns).

Morowski the Destroyer (Tengu Conjurer)             Turns: 8748, Time: 00:16:17

Health: -6/47      AC:  2    Str:  7 (8)  XL:     9   Next: 65%
Magic:  10/20      EV: 32    Int: 25 (28) God:    Vehumet [*.....]
Gold:   335        SH:  0    Dex: 10 (13) Spells: 19/22 levels left

rFire   . . .        f - staff of conjuration
rCold   . . .        (no shield)
rNeg    . . .        a - +0 robe
rPois   .            (helmet restricted)
rElec   .            (no cloak)
rCorr   .            (no gloves)
SInv    +            (boots unavailable)
Will    .....        c - amulet of faith
Stlth   +++          h - +6 ring of intelligence
HPRegen 0.27/turn    s - ring of see invisible
MPRegen 0.17/turn

%: acrobat, faith
@: on berserk cooldown, acrobatic, flying, slowed, very slow
A: beak, talons 3, evasive flight, acrobatic
a: Renounce Religion


You were on level 7 of the Dungeon.
You worshipped Vehumet.
Vehumet was aware of your devotion.
You visited 2 branches of the dungeon, and saw 8 of its levels.

You collected 335 gold pieces.

Inventory:

Missiles
 o - a throwing net
Armour
 a - a +0 robe (worn)
Magical Staves
 f - a staff of conjuration (weapon)
 l - a staff of cold
Jewellery
 c - an amulet of faith (around neck)
 h - a +6 ring of intelligence (left hand)
 n - a ring of fire
 s - a ring of see invisible (right hand)
Wands
 p - a wand of digging (6)
Scrolls
 e - 3 scrolls of teleportation
 g - a scroll of enchant weapon
 q - a scroll of brand weapon {unknown}
 r - a scroll of torment {unknown}
Potions
 b - a potion of magic
 d - 2 potions of curing
 i - a potion of degeneration
 k - 3 potions of brilliance
 m - a potion of might
 t - a potion of haste {unknown}
 u - a potion of enlightenment {unknown}


   Skills:
 + Level 1.5 Fighting
 + Level 1.7 Staves
 + Level 5.5 Dodging
 + Level 6.0 Stealth
 + Level 7.0 Spellcasting
 + Level 11.0 Conjurations


You had 19 spell levels left.
You knew the following spells:

 Your Spells              Type           Power      Damage    Failure   Level
a - Magic Dart            Conj           100%       1d8       1%          1
b - Searing Ray           Conj           100%       2d8       1%          2

Your spell library contained the following spells:

 Spells                   Type           Power      Damage    Failure   Level
 Foxfire                  Conj/Fire      100%       2x1d9     1%          1
 Kiss of Death            Conj/Necr      100%       2d13      1%          1
 Dazzling Flash           Conj/Hex       100%       N/A       1%          3
 Fulminant Prism          Conj/Hex       26%        3d14      7%          4
 Iskenderun's Mystic Bla  Conj/Tloc      53%        2d11      7%          4
 Cigotuvi's Dreadful Rot  Necr/Pois/Air  16%        N/A       10%         2
 Confusing Touch          Hex            8%         N/A       21%         3
 Ozocubu's Armour         Ice            8%         N/A       21%         3
 Dispel Undead            Necr           8%         3d8       54%         4
 Metabolic Englaciation   Hex/Ice        4%         N/A       88%         5
 Death Channel            Necr           4%         N/A       100%        6
 Simulacrum               Ice/Necr       4%         N/A       100%        6


Dungeon Overview and Level Annotations

Branches:
Dungeon (7/15)             Temple (1/1) D:5

Altars:
Ashenzari
Cheibriados
Dithmenos
Elyvilon
Fedhas
Gozag
Hepliaklqana
Kikubaaqudgha
Makhleb
Nemelex Xobeh
Okawaru
Qazlal
Ru
Sif Muna
Trog
Uskayaw
Vehumet
Wu Jian
Xom
Yredelemnul
Zin
The Shining One

Shops:
D:3 ?   D:5 !*   D:6 (


Innate Abilities, Weirdness & Mutations

You have a beak for a mouth.
You have claws for feet.
Your magical flight helps you evade attacks. (EV +4)
You can magically evade attacks while moving or waiting.


Message History

Casting: Searing Ray (safe; 1% risk of failure)
Confirm with . or Enter, or press ? or * to list all spells.
Aiming: Searing Ray (safe; 1% risk of failure)
Press: ? - help, Shift-Dir - straight line, f/p - wyvern
Aim: a wyvern (almost dead, 83% to hit)
You feel a surge of power!
The searing ray misses the wyvern. (Press . to maintain the ray.)
The wyvern bites you. The wyvern misses you.
The steam dragon bites you but does no damage.
The steam dragon claws you. The wyvern bites you.
The searing ray hits the wyvern!
You kill the wyvern!
Vehumet accepts your kill. The steam dragon breathes steam at you.
The ball of steam misses you. The steam dragon misses you.
The steam dragon completely misses you.
Your Spellcasting skill increases to level 7!
Your Conjurations skill increases to level 11!
The steam dragon completely misses you. The steam dragon closely misses you.
Casting: Searing Ray (safe; 1% risk of failure)
Confirm with . or Enter, or press ? or * to list all spells.
Aiming: Searing Ray (safe; 1% risk of failure)
Press: ? - help, Shift-Dir - straight line, f - steam dragon
Aim: a steam dragon (catching its breath, 83% to hit)
You feel a surge of power!
The searing ray hits the steam dragon!
The steam dragon is moderately wounded. (Press . to maintain the ray.)
The steam dragon barely misses you. The steam dragon completely misses you.
The steam dragon bites you.
The steam dragon claws you but does no damage.
The searing ray hits the steam dragon!
The steam dragon is heavily wounded.
The steam dragon breathes steam at you. The ball of steam misses you.
The searing ray hits the steam dragon.
The steam dragon is severely wounded.
You are engulfed in a cloud of scalding steam.
The steam dragon breathes steam at you. The ball of steam hits you!!
You die...

####### #.....# #.###.#
### #.# #.#
.#<..############.###.##
......D@§§.....(.>......
###
......†...§§..###.###...
..# #
############..###.###...
#.#.###
###...............
#.#....
#.......###.###### ....#
#............### #.#.#
.. #.......##.....#
#...#...
#.....####.....###
.......# #.....
#........


You could see a steam dragon (catching breath).

Vanquished Creatures
  Pikel (D:7)
  A wyvern (D:7)
  A steam dragon (D:6)
  A water moccasin (D:7)
  An orc warrior (D:6)
  2 ice beasts
  A sky beast (D:6)
  A black bear (D:6)
  An ogre (D:5)
  A lemure (D:7)
  A bullfrog (D:7)
  4 scorpions
  A howler monkey (D:6)
  2 jellies (D:5)
  2 hounds (D:6)
  6 orc priests
  A gnoll bouda (D:5)
  A sleepcap (D:3)
  Jessica (D:2)
  Natasha (thrice) (D:4)
  4 orc wizards
  A hound skeleton (D:2)
  6 gnolls
  8 adders
  2 shadow imps (D:5)
  A white imp (D:6)
  2 ufetubi (D:5)
  An adder zombie (D:2)
  2 adder skeletons (D:2)
  3 worms
  3 dart slugs
  26 orcs
  3 bat skeletons (D:2)
  11 endoplasms
  3 giant cockroaches (D:1)
  9 goblins
  9 hobgoblins
  5 quokkas
  7 ball pythons
  A ball python skeleton (D:2)
  2 ball python zombies (D:2)
  3 bats (D:1)
  6 frilled lizards
  3 kobolds (D:1)
  6 rats
160 creatures vanquished.

Vanquished Creatures (others)
  A komodo dragon (D:6)
  An orc wizard (D:6)
2 creatures vanquished.

Grand Total: 162 creatures vanquished

Notes
Turn   | Place    | Note
-------+----------+-------------------------------------------
     0 | D:1      | Morowski the Tengu Conjurer began the quest for the Orb.
     0 | D:1      | Reached XP level 1. HP: 10/10 MP: 4/4
   203 | D:1      | Reached XP level 2. HP: 15/15 MP: 4/6
   226 | D:1      | Learned a level 2 spell: Searing Ray
   614 | D:1      | Reached skill level 6 in Conjurations
   968 | D:1      | Reached XP level 3. HP: 19/19 MP: 4/7
  1736 | D:2      | Noticed Jessica
  1738 | D:2      | Killed Jessica
  1739 | D:2      | Reached XP level 4. HP: 24/24 MP: 2/9
  2521 | D:2      | Reached XP level 5. HP: 28/28 MP: 5/10
  2817 | D:2      | Found a faded altar of an unknown god.
  2909 | D:3      | Found a shadowy altar of Dithmenos.
  2936 | D:3      | Found a white marble altar of Elyvilon.
  2961 | D:3      | Reached skill level 7 in Conjurations
  3428 | D:3      | Found Ishoar's Magic Scroll Emporium.
  3677 | D:3      | Reached XP level 6. HP: 30/33 MP: 0/12
  4894 | D:4      | Gained mutation: Your magical flight helps you evade
                  | attacks. (EV +4) [Tengu growth]
  4894 | D:4      | Reached XP level 7. HP: 29/37 MP: 1/14
  5102 | D:4      | Noticed Natasha
  5110 | D:4      | Killed Natasha
  5111 | D:4      | Reached skill level 8 in Conjurations
  5259 | D:4      | Noticed Natasha
  5263 | D:4      | Killed Natasha
  5396 | D:4      | Noticed Natasha
  5400 | D:4      | Killed Natasha
  5768 | D:4      | Reached skill level 1 in Fighting
  5818 | D:5      | Entered Level 5 of the Dungeon
  6119 | D:5      | Reached XP level 8. HP: 33/43 MP: 9/16
  6145 | D:5      | Reached skill level 9 in Conjurations
  6240 | D:5      | Reached skill level 5 in Spellcasting
  6471 | D:5      | Found Korio's Distillery.
  6560 | D:5      | Found a staircase to the Ecumenical Temple.
  6572 | Temple   | Entered the Ecumenical Temple
  6599 | Temple   | Became a worshipper of Vehumet
  6897 | D:5      | Found Weuris's General Store.
  7318 | D:6      | Reached skill level 5 in Stealth
  7386 | D:6      | Noticed a komodo dragon
  7395 | D:6      | Killed a komodo dragon
  7423 | D:6      | Reached skill level 10 in Conjurations
  7435 | D:6      | HP: 2/43 [something (5)]
  7489 | D:6      | Reached skill level 1 in Staves
  7489 | D:6      | Reached XP level 9. HP: 18/47 MP: 1/19
  7854 | D:6      | Found Zibarph's Weapon Shoppe.
  7941 | D:6      | Reached skill level 5 in Dodging
  7951 | D:6      | Reached * piety under Vehumet
  7951 | D:6      | Offered knowledge of Foxfire by Vehumet.
  8115 | D:6      | Found an ancient bone altar of Kikubaaqudgha.
  8174 | D:6      | Found a sparkling altar of Nemelex Xobeh.
  8174 | D:6      | Found a shimmering blue altar of Sif Muna.
  8181 | D:6      | Found a basalt altar of Yredelemnul.
  8188 | D:6      | Found a broken altar of Ashenzari.
  8191 | D:6      | Found a blossoming altar of Fedhas.
  8302 | D:7      | Noticed Pikel
  8317 | D:7      | Killed Pikel
  8745 | D:7      | Reached skill level 11 in Conjurations
  8748 | D:7      | Killed from afar by a steam dragon

Illustrated notes

Levels and vault maps discovered:
D:1:      grunt_arrival_lava_bath, layout_basic
D:2:      layout_loops_ring, serial_undead, serial_undead_d, serial_undead_a,
          serial_undead_b, serial_undead_d, serial_undead_d, serial_undead_b,
          serial_undead_a, serial_undead_d, serial_undead_e, serial_undead_b,
          shapermc_ecumenical_altar_mp_vishouse, uniq_jessica
D:3:      layout_loops_ring, jmf_multi_god_temple, serial_shops,
          nicolae_shop_hallway_stairs
D:4:      layout_rooms, nrook_loot_triangle, uniq_natasha
D:5:      layout_basic, minmay_temple_entry_statues_pillars, serial_shops, shop,
          nicolae_shop_behind_doors, nicolae_kite_square_tiling_tiny,
          minmay_misc_feat_ornament
D:6:      wander_river, layout_rooms, nicolae_overflow_hallway_of_the_gods,
          serial_shops, nicolae_shop_tiny_real_fake_doors, st_stairs_10,
          solitary_fountain
D:7:      layout_basic, uniq_pikel
Temple:   compressed_dpeg_circular_temple

Skill      XL: |  1  2  3  4  5  6  7  8  9 |
---------------+----------------------------+-----
Conjurations   | 6 7 8 10 11 | 11.0
Spellcasting   | 3 4 6 7 |  7.0
Stealth        | 3 4 5 6 |  6.0
Dodging        | 3 4 5 |  5.5
Fighting       | 1 |  1.5
Staves         | 1 |  1.7

Action                     |  1- 3 |  4- 6 |  7- 9 || total
---------------------------+-------+-------+-------++-------
  Melee: Staff             |    11 |    25 |    14 ||    50
         Peck              |     2 |     4 |     2 ||     8
         Kick              |     1 |    13 |     5 ||    19
   Cast: Magic Dart        |    18 |     9 |    23 ||    50
         Searing Ray       |    19 |    40 |    49 ||   108
    Use: Scroll            |       |     2 |     2 ||     4
         Potion            |       |     7 |     3 ||    10
   Stab: Sleeping          |     1 |       |       ||     1
 Armour: Robe              |     8 |    23 |    36 ||    67
  Dodge: Dodged            |    22 |    35 |   107 ||   164

Table legend: (Time is in decaauts)
 A = Elapsed time spent in this place.
 B = Non-inter-level travel time spent in this place.
 C = Inter-level travel time spent in this place.
 D = Time resting spent in this place.
 E = Time spent auto-exploring this place.
 F = Levels seen in this place.
 G = Mean time per level.
                   A        B        C        D        E       F      G
               +--------+--------+--------+--------+--------+-----+--------+
         Total |   8767 |   8767 |      0 |   4135 |   3327 |   8 | 1095.9 |
       Dungeon |   8713 |   8713 |      0 |   4135 |   3327 |   7 | 1244.7 |
        Temple |     53 |     53 |      0 |      0 |      0 |   1 |   53.0 |
               +--------+--------+--------+--------+--------+-----+--------+

Top non-repeatable levels by time:
     D:3: 1912 daAuts
     D:1: 1643 daAuts
     D:5: 1320 daAuts
     D:2: 1247 daAuts
     D:6: 1064 daAuts
     D:4: 1023 daAuts
     D:7: 502 daAuts
  Temple: 53 daAuts
